 Dungeon Crawl Stone Soup version 0.19-a0-49-gb8736b8 (webtiles) character file.

4686 Jeelzebub the Warrior (level 10, -6/108 HPs)
             Began as a Minotaur Fighter on May 6, 2016.
             Was a Follower of Ashenzari.
             Mangled by a troll (10 damage)
             ... on level 9 of the Dungeon.
             The game lasted 00:17:24 (8447 turns).

Jeelzebub the Warrior (Minotaur Fighter)            Turns: 8447, Time: 00:17:25

Health: -6/108     AC:  6    Str: 21    XL:     10   Next: 21%
Magic:  9/9        EV:  9    Int:  5    God:    Ashenzari [*.....]
Gold:   500        SH:  0    Dex: 13    Spells: 0 memorised, 9 levels left

rFire  . . .     SeeInvis .     X - +0 great sword (curse)
rCold  . . .     Gourm    .     b - +0 scale mail
rNeg   . . .     Faith    .     (shield currently unavailable)
rPois  .         Spirit   .     (helmet restricted)
rElec  .         Dismiss  .     (no cloak)
rCorr  .         Reflect  .     (no gloves)
SustAt .         Harm     .     (no boots)
MR     .....                    k - amulet of regeneration (curse) {+regen, !d}
Stlth  +.........               u - ring of wizardry {Wiz+, !d}
                                q - ring of stealth {Stlth+}

@: not resistant to hostile enchantments, very unstealthy
A: retaliatory headbutt, horns 2
a: Curse Item, Scrying, Renounce Religion


You were on level 9 of the Dungeon.
You worshipped Ashenzari.
Ashenzari was aware of your devotion.
You were not hungry.

You visited 2 branches of the dungeon, and saw 10 of its levels.
You also visited: Sewer.

You collected 500 gold pieces.

Inventory:

Hand Weapons
 X - a cursed +0 great sword (weapon)
   (You took it off a wight on level 8 of the Dungeon)
Missiles
 j - 8 curare-tipped needles
 y - 39 bolts
 D - 2 throwing nets {=f, !d}
Armour
 b - a +0 scale mail (worn)
 c - a +0 shield
 W - a +0 robe of magic resistance
   (You took it off a wight on level 8 of the Dungeon)
Jewellery
 k - a cursed amulet of regeneration (around neck) {+regen, !d}
   (You found it on level 1 of the Dungeon)
 q - a ring of stealth (left hand) {Stlth+}
   (You found it on level 2 of the Dungeon)
 u - a ring of wizardry (right hand) {Wiz+, !d}
   (You found it on level 2 of the Dungeon)
 K - an uncursed ring of sustain attributes
   (You found it on level 5 of the Dungeon)
 R - a cursed ring of loudness {Stlth-}
   (You found it on level 7 of the Dungeon)
 T - a +2 ring of intelligence
   (You found it on level 8 of the Dungeon)
Wands
 s - a wand of polymorph (20/24)
   (You found it on level 2 of the Dungeon)
 O - a wand of slowing (18/48)
   (You found it on level 6 of the Dungeon)
 S - a wand of disintegration (10/24)
   (You found it on level 8 of the Dungeon)
Scrolls
 g - 8 scrolls of identify
 i - 4 scrolls of remove curse
 n - a scroll of immolation {unknown}
 o - a scroll of noise {!r}
 r - 2 scrolls of teleportation
 t - a scroll of magic mapping {!r}
 E - a scroll of fog
 G - 5 scrolls of amnesia {unknown}
 M - 2 scrolls of vulnerability {unknown}
 Q - 3 scrolls of recharging
Potions
 d - 3 potions of might
 e - 3 potions of heal wounds
 l - 3 potions of curing {unknown}
 x - 2 potions of haste
 z - 3 potions of flight {unknown}
 A - 2 potions of magic {unknown}
 B - 2 potions of lignification {unknown}
 H - 3 potions of cancellation {unknown}
 I - a potion of invisibility {unknown}
 P - a potion of degeneration {unknown}
Books
 a - an Akashic Record
   (You found it on level 9 of the Dungeon)
 w - a book of Necromancy
   (You found it on level 3 of the Dungeon)
 L - a book of Misfortune
   (You found it on level 5 of the Dungeon)
 V - a book of Fire
   (You found it on level 8 of the Dungeon)
Miscellaneous
 U - a plain deck of summoning
   (You found it on level 8 of the Dungeon)
Comestibles
 f - 5 bread rations {@e1}
 h - 9 fruits
 m - 4 meat rations {@e2}
 p - a chunk of flesh {@w0}
 v - 3 beef jerkies
 F - 3 royal jellies
 N - 3 slices of pizza


   Skills:
 - Level 16.3 Fighting
 + Level 4.4 Long Blades
   Level 2.8 Maces & Flails
 - Level 3.6 Armour
 - Level 3.6 Shields


You had 9 spell levels left.
You didn't know any spells.

Dungeon Overview and Level Annotations

Branches:
Dungeon (9/15)             Temple (1/1) D:5
   Lair: D:8-11         Orc: D:9-12

Altars:
Ashenzari
Cheibriados
Dithmenos
Elyvilon
Fedhas
Gozag
Kikubaaqudgha
Makhleb
Nemelex Xobeh
Okawaru
Pakellas
Qazlal
Ru
Sif Muna
Trog
Vehumet
Xom
Yredelemnul
Zin
The Shining One


Innate Abilities, Weirdness & Mutations

You reflexively headbutt those who attack you in melee.
You have a pair of horns on your head.


Message History

The quasit closely misses you. x2; The quasit bites you.
The quasit closely misses you. The quasit claws you.
You take 4 damage, and have 104/108 hp.
There are monsters nearby!
You miss the quasit. You headbutt the quasit.
The quasit bites you but does no damage.
The quasit claws you but does no damage. x2
The quasit bites you but does no damage.
The quasit claws you but does no damage.
The quasit claws you.
You take 1 damage, and have 103/108 hp.
You closely miss the quasit.
The quasit bites you but does no damage.
The quasit closely misses you.
The quasit claws you but does no damage.
The quasit bites you but does no damage.
The quasit claws you.
The quasit claws you but does no damage.
You take 1 damage, and have 102/108 hp.
You hit the quasit. You headbutt the quasit!
The quasit bites you but does no damage.
The quasit barely misses you.
The quasit claws you but does no damage.
You miss the quasit.
The quasit bites you but does no damage.
The quasit claws you but does no damage. x2
The quasit closely misses you. You furiously retaliate!
You headbutt the quasit.
You kill the quasit!
You slash the worker ant!
You kill the worker ant!
The iguana bites you but does no damage.
You barely miss the iguana.
You headbutt the iguana, but do no damage.
The iguana bites you!
You take 8 damage, and have 96/108 hp.
Unknown command.
You completely miss the iguana. The iguana bites you.
You take 5 damage, and have 91/108 hp.
You closely miss the iguana.
The iguana bites you but does no damage.
The iguana bites you.
You take 4 damage, and have 87/108 hp.
You hit the iguana. The iguana barely misses you.
You closely miss the iguana. The iguana bites you.
You hit the iguana. You headbutt the iguana. The iguana barely misses you.
You furiously retaliate!
You headbutt the iguana, but do no damage.
The iguana bites you but does no damage.
You slice the iguana!!
You kill the iguana!
No target in view!
No target in view!
You see here a worker ant corpse.
You butcher the worker ant corpse.
p - a chunk of flesh {@w0} You found a teleport trap!
You regained 2 hp, and now have 94/108 hp.
Found a stone staircase leading up.
f - 5 bread rations {@e1} (gained 1)
t - a scroll of magic mapping {!r} You regained 7 hp, and now have 102/108 hp.
No target in view!
There is a stone staircase leading up here.
N - 3 slices of pizza (gained 1)
You now have 500 gold pieces (gained 13).
m - 4 meat rations {@e2} (gained 1)
A troll comes into view.
The troll shouts!
You see here 2 gold pieces.
Health restored: 108 Your scale mail prevents you from hitting the troll.
The troll bites you. The troll claws you. The troll claws you!
The troll closely misses you. The troll claws you. The troll barely misses you.
A troll is nearby!
You slice the troll!! The troll bites you! The troll claws you!
The troll claws you.
You take 43 damage, and have 65/108 hp.
MASSIVE DAMAGE!!
You slash the troll! The troll bites you! The troll claws you. x2
You take 20 damage, and have 45/108 hp.
Your scale mail prevents you from hitting the troll.
Your headbutt misses the troll. The troll bites you!
The troll closely misses you. x2; The troll bites you!
* * * LOW HITPOINT WARNING * * *
The troll claws you.
* * * LOW HITPOINT WARNING * * *
The troll claws you but does no damage.
You take 25 damage, and have 20/108 hp.
MASSIVE DAMAGE!!
You barely miss the troll. The troll bites you but does no damage.
The troll closely misses you. The troll claws you but does no damage.
You closely miss the troll. You headbutt the troll.
The troll bites you but does no damage. The troll closely misses you.
The troll claws you!
* * * LOW HITPOINT WARNING * * *
The troll barely misses you. The troll claws you!
* * * LOW HITPOINT WARNING * * *
The troll claws you!
You die...

##.####.....#.#.....#
### ###.#.#[# #####
#.#.# # #.# # #.# #.#
###.# # #####.$.#.#
........@T.#.
######.#.#......
#.#.#.#.### #.#.#.#.#
#.#.#.#.############
....................
#####.......<.......
#....###########
#....# #


You could see a troll.

Vanquished Creatures
  The ghost of Wolfechu the Slicer, a novice KoBe of Trog (D:6)
  Grinder (D:5)
  A hippogriff (D:8)
  A hungry ghost (D:7)
  Edmund (D:5)
  A water moccasin (D:9)
  Duvessa (D:5)
  3 black bears
  2 orc warriors
  2 phantoms
  2 sky beasts
  An ice beast (D:5)
  5 ogres
  The ghost of bolloney the Chopper, an amateur HuBe of Trog (D:3)
  2 big kobolds (Sewer)
  2 giant frogs
  Dowan (D:5)
  3 scorpions
  5 wights (D:8)
  4 howler monkeys
  2 crimson imps
  2 quasits
  3 hounds
  A jelly (D:9)
  2 orc wizards
  2 orc priests
  A gnoll shaman (D:4)
  An iguana (D:9)
  Natasha (D:2)
  Terence (D:3)
  A statue (D:5)
  8 worker ants
  36 gnolls
  A river rat (Sewer)
  12 adders
  3 oozes
  2 adder zombies
  An adder skeleton (D:5)
  8 worms
  2 giant geckos
  19 orcs
  3 ball pythons (D:4)
  9 giant cockroaches
  7 goblins
  11 hobgoblins
  19 jackals
  7 quokkas
  5 bats
  2 giant newts (D:3)
  12 kobolds
  10 rats
234 creatures vanquished.

Notes
Turn   | Place    | Note
--------------------------------------------------------------
     0 | D:1      | Jeelzebub the Minotaur Fighter began the quest for the Orb.
     0 | D:1      | Reached XP level 1. HP: 19/19 MP: 0/0
   194 | D:1      | Reached skill level 4 in Fighting
   310 | D:1      | Reached XP level 2. HP: 27/27 MP: 1/1
  1121 | D:2      | Reached skill level 5 in Fighting
  1363 | D:2      | Reached XP level 3. HP: 36/36 MP: 2/2
  1423 | D:2      | Noticed Natasha
  1433 | D:2      | Killed Natasha
  1523 | D:2      | Found a deep blue altar of Sif Muna.
  1560 | D:2      | Reached XP level 4. HP: 34/44 MP: 3/3
  1676 | D:2      | Reached skill level 6 in Fighting
  1881 | D:3      | Noticed bolloney's ghost (amateur HuBe)
  1894 | D:3      | Killed bolloney's ghost
  1894 | D:3      | Reached skill level 7 in Fighting
  1894 | D:3      | Reached XP level 5. HP: 46/52 MP: 4/4
  1903 | D:3      | Found a glowing drain.
  1931 | Sewer    | Entered a sewer
  1987 | Sewer    | Reached skill level 8 in Fighting
  1987 | Sewer    | Reached XP level 6. HP: 40/61 MP: 5/5
  2392 | D:3      | Found a glowing golden altar of the Shining One.
  2448 | D:3      | Noticed Terence
  2458 | D:3      | Killed Terence
  2458 | D:3      | Reached skill level 9 in Fighting
  2463 | D:3      | HP: 12/63 [poisoned by an orc]
  2477 | D:3      | HP: 15/63 [poisoned by an orc]
  2483 | D:3      | HP: 13/63 [poisoned by an orc]
  2488 | D:3      | HP: 11/63 [poisoned by an orc]
  2494 | D:3      | HP: 10/63 [poisoned by an orc]
  2499 | D:3      | HP: 10/63 [poisoned by an orc]
  2505 | D:3      | HP: 11/63 [poisoned by an orc]
  2514 | D:3      | HP: 13/63 [poisoned by an orc]
  2519 | D:3      | HP: 14/63 [poisoned by an orc]
  2639 | D:3      | Found a basalt altar of Yredelemnul.
  2641 | D:3      | Noticed a profane servitor
  2821 | D:3      | Found a blossoming altar of Fedhas.
  2994 | D:3      | Noticed an angel
  3217 | D:4      | Reached XP level 7. HP: 70/70 MP: 6/6
  3543 | D:4      | Reached skill level 10 in Fighting
  4337 | D:4      | Reached skill level 11 in Fighting
  4440 | D:4      | HP: 13/74 [gnoll/halberd (8)]
  4440 | D:4      | HP: 6/74 [gnoll/spear (7)]
  4667 | D:4      | Reached XP level 8. HP: 67/82 MP: 7/7
  5014 | D:5      | Entered Level 5 of the Dungeon
  5042 | D:5      | Found a staircase to the Ecumenical Temple.
  5050 | D:5      | Reached skill level 12 in Fighting
  5078 | Temple   | Entered the Ecumenical Temple
  5085 | Temple   | Became a worshipper of Ashenzari the Shackled
  5099 | D:5      | Noticed Edmund
  5118 | D:5      | Killed Edmund
  5418 | D:5      | Noticed Dowan
  5419 | D:5      | Noticed Duvessa
  5428 | D:5      | Killed Duvessa
  5428 | D:5      | Reached skill level 13 in Fighting
  5432 | D:5      | Killed Dowan
  5491 | D:5      | Noticed Grinder
  5495 | D:5      | Killed Grinder
  5802 | D:5      | Found a radiant altar of Vehumet.
  5969 | D:6      | Reached XP level 9. HP: 79/94 MP: 8/8
  6093 | D:6      | Reached skill level 14 in Fighting
  6458 | D:6      | Noticed Wolfechu's ghost (novice KoBe)
  6464 | D:6      | Killed Wolfechu's ghost
  6530 | D:6      | Found a sacrificial altar of Ru.
  6551 | D:6      | Found a glowing silver altar of Zin.
  6608 | D:5      | Reached skill level 15 in Fighting
  6744 | D:6      | Found an iron altar of Okawaru.
  6752 | D:6      | Found a snail-covered altar of Cheibriados.
  6991 | D:7      | Reached * piety under Ashenzari
  7418 | D:8      | Reached skill level 16 in Fighting
  7640 | D:8      | Reached XP level 10. HP: 108/108 MP: 9/9
  7766 | D:8      | Reached skill level 1 in Maces & Flails
  7919 | D:8      | Found a sparkling altar of Nemelex Xobeh.
  8000 | D:8      | Found a burning altar of Makhleb.
  8025 | D:8      | Found an oddly glowing altar of Pakellas.
  8037 | D:8      | Reached skill level 2 in Maces & Flails
  8152 | D:9      | Identified the +5 dagger of Atiplion {flame, Str+2 Dex+3}
  8183 | D:9      | Reached skill level 3 in Long Blades
  8355 | D:9      | Reached skill level 4 in Long Blades
  8445 | D:9      | HP: 26/108 [troll (10)]
  8447 | D:9      | HP: 4/108 [troll (10)]
  8447 | D:9      | Mangled by a troll

Vault maps used:
D:1:      lightli_arrival_lavapool, minmay_misc_feat_columns
D:2:      led_sif_pool, uniq_natasha
D:3:      grunt_temple_overflow_holy_war, fedhas_altar_fruit_tree,
          gup_sewer_entry_glass, st_stairs_8, uniq_terence
D:4:      lemuel_castle_with_subvaults, grunt_tough_drop
D:5:      vehumet_statue, minmay_temple_entry_overgrown, first_bread,
          uniq_duvessa, uniq_edmund, uniq_grinder
D:6:      nicolae_overflow_quartered_altars
D:8:      nemelex_deck, grunt_pakellas_salt, bloody_makhleb
Temple:   nicolae_temple_no_exploring_needed
Sewer:    sewer_co_15_rooms

Skill      XL: |  1  2  3  4  5  6  7  8  9 10 |
---------------+-------------------------------+-----
Fighting       | 4 5 7 8 9 11 13 16 | 16.3
Maces & Flails | 2 |  2.8
Long Blades    | 4 |  4.4
Armour         | |  3.6
Shields        | |  3.6

Action                   |  1- 3 |  4- 6 |  7- 9 | 10-12 || total
-------------------------+-------+-------+-------+-------++-------
Melee: Long sword        |    79 |   126 |   173 |       ||   378
       Headbutt          |     4 |    29 |    87 |    14 ||   134
       Flail             |       |       |   159 |    25 ||   184
       Great mace        |       |       |    18 |       ||    18
       Great sword       |       |       |       |    58 ||    58
Invok: Curse Item        |       |       |     1 |       ||     1
  Use: Potion            |       |     3 |       |       ||     3
       Scroll            |       |       |     9 |       ||     9
  Eat: Chunk             |     2 |     4 |    15 |       ||    21
       Bread ration      |       |       |     4 |     1 ||     5
       Beef jerky        |       |       |     1 |       ||     1
Armor: Scale mail        |    36 |    59 |   210 |    52 ||   357
Dodge: Dodged            |    33 |    69 |   236 |    50 ||   388
Block: Shield            |     5 |       |       |       ||     5

Vault maps used:
D:1:      lightli_arrival_lavapool, minmay_misc_feat_columns
D:2:      led_sif_pool, uniq_natasha
D:3:      grunt_temple_overflow_holy_war, fedhas_altar_fruit_tree,
          gup_sewer_entry_glass, st_stairs_8, uniq_terence
D:4:      lemuel_castle_with_subvaults, grunt_tough_drop
D:5:      vehumet_statue, minmay_temple_entry_overgrown, first_bread,
          uniq_duvessa, uniq_edmund, uniq_grinder
D:6:      nicolae_overflow_quartered_altars
D:8:      nemelex_deck, grunt_pakellas_salt, bloody_makhleb
Temple:   nicolae_temple_no_exploring_needed
Sewer:    sewer_co_15_rooms

Table legend:
 A = Turns spent in this place as a percentage of turns spent in the entire game.
 B = Non-inter-level travel turns spent in this place as a percentage of non-inter-level travel turns spent in the entire game.
 C = Inter-level travel turns spent in this place as a percentage of turns spent in this place.
 D = Turns resting spent in this place as a percentage of non-inter-level travel turns spent in this place.
 E = Turns spent auto-exploring this place as a percentage of non-inter-level travel turns spent in this place.
 F = Non-inter-level travel turns spent in this place divided by the number of levels of this place that you've seen.
                   A       B       C       D       E      F
               +-------+-------+-------+-------+-------+----------------------
         Total | 100.0 | 100.0 |   0.4 |   2.8 |  11.8 | 236.1
       Dungeon |  90.9 |  90.9 |   0.4 |   2.8 |  12.4 | 262.3
        Temple |   0.6 |   0.6 |   0.0 |   0.0 |   6.7 |  15.0
         Sewer |   8.5 |   8.5 |   0.0 |   4.1 |   5.9 | 221.0
               +-------+-------+-------+-------+-------+----------------------

Table legend:
 A = Kills in this place as a percentage of kills in entire the game.
 B = Kills by you in this place as a percentage of kills by you in the entire game.
 C = Kills by friends in this place as a percentage of kills by friends in the entire game.
 D = Other kills in this place as a percentage of other kills in the entire game.
 E = Experience gained in this place as a percentage of experience gained in the entire game.
 F = Experience gained in this place divided by the number of levels of this place that you have seen.
                   A       B       C       D       E      F
               +-------+-------+-------+-------+-------+----------------------
         Total | 100.0 | 100.0 |  -nan |  -nan | 100.0 | 608.6
       Dungeon |  93.2 |  93.2 |  -nan |  -nan |  96.0 | 714.1
         Sewer |   6.8 |   6.8 |  -nan |  -nan |   4.0 | 268.0
               +-------+-------+-------+-------+-------+----------------------
